AoeStats
← JUANCA FORT

Arena

508859807Analyzed
4v4 RM · 6d ago on Sep 24, 2026· 44m 45s· 8 players
Game mode
Random Map
Map size
Large (8 player)
Population
200
Speed
Normal
Resources
Standard
Victory
Conquest
Starting age
Dark Age
Ending age
Imperial Age
RankedLock teamsTeams togetherTeam positionsShared explorationLock speedFull tech treeHidden civsTurbo modeCheats
Victory
Defeat
🇦🇷 Ethiopians · Argentina
1073
+16
🇨🇳 Franks · China
1057
+16
🇹🇼 Varangians · Taiwan
1055
+17
🇹🇼 Mongols · Taiwan
1023
+18
🇫🇷 Teutons · France
1099
-18
🇹🇷 Mongols · Türkiye
1069
-17
🇹🇼 Varangians · Taiwan
1063
-17
🇨🇳 Dravidians · China
1038
-15
Baziz
4:43 Loom
10:33 Feudal Age
16:42 Castle Age
15:01 Double-Bit Axe
24:15 Wheelbarrow
26:39 Hand Cart
26:12 Horse Collar
27:16 Gold Mining
27:16 Stone Mining
27:29 Heavy Plow
27:43 Bow Saw
27:49 Town Watch
30:46 Imperial Age
29:31 Stone Shaft Mining
29:21 Squires
29:34 Forging
29:49 Scale Mail Armor
29:39 Arson
30:17 Ballistics
30:46 Caravan
31:35 Iron Casting
31:59 Chain Mail Armor
34:17 Blast Furnace
34:17 Conscription
34:18 Ironclad
34:01 Elite Teutonic Knight
40:58 Plate Mail Armor
nvda
7:09 Loom
9:50 Feudal Age
13:43 Castle Age
12:17 Double-Bit Axe
15:12 Horse Collar
23:55 Bow Saw
25:26 Wheelbarrow
25:36 Gold Mining
27:52 Hand Cart
31:29 Imperial Age
29:17 Heavy Plow
29:32 Stone Mining
29:58 Squires
29:44 Gambesons
29:45 Arson
30:54 Forging
32:42 Iron Casting
31:31 Gothikon
32:32 Conscription
31:50 Elite Varangian Guard
33:08 Scale Mail Armor
36:39 Blast Furnace
35:54 Chain Mail Armor
35:11 Pikeman
35:56 Pikeman
36:46 Halberdier
Mystic Boy
10:46 Feudal Age
15:02 Castle Age
13:32 Horse Collar
14:08 Stone Mining
14:31 Double-Bit Axe
16:52 Bow Saw
19:14 Loom
20:47 Wheelbarrow
21:57 Fletching
22:51 Gold Mining
23:21 Heavy Plow
24:47 Hand Cart
25:56 Gold Shaft Mining
26:33 Town Watch
29:50 Imperial Age
27:44 Ballistics
27:23 Bodkin Arrow
28:09 Padded Archer Armor
28:32 Forging
28:37 Nomads
29:46 Leather Archer Armor
29:43 Masonry
30:48 Bracer
31:00 Bloodlines
31:18 Parthian Tactics
32:55 Husbandry
32:16 Light Cavalry
33:09 Forging
33:07 Thumb Ring
32:55 Elite Skirmisher
35:38 Chemistry
35:59 Elite Mangudai
爱坚果
2:39 Loom
10:57 Feudal Age
11:36 Double-Bit Axe
11:34 Horse Collar
17:46 Castle Age
16:12 Stone Mining
17:51 Pikeman
19:26 Bow Saw
20:50 Wheelbarrow
24:38 Heavy Plow
29:48 Imperial Age
28:07 Hand Cart
27:52 Town Watch
29:01 Padded Archer Armor
28:53 Fletching
29:10 Medical Corps
29:24 Gold Mining
30:10 Leather Archer Armor
30:24 Ballistics
30:11 Husbandry
31:37 Two-Man Saw
31:02 Conscription
30:10 Elite Skirmisher
31:14 Bodkin Arrow
31:51 Ring Archer Armor
32:24 Chemistry
31:54 Thumb Ring
33:08 Bracer
34:02 Elite Elephant Archer
34:49 Halberdier
35:30 Squires
35:16 Arson
35:34 Scale Mail Armor
35:44 Forging
39:20 Chain Mail Armor
39:42 Iron Casting
Fruit
10:44 Feudal Age
16:22 Castle Age
14:22 Double-Bit Axe
14:23 Horse Collar
15:05 Stone Mining
17:31 Bow Saw
19:16 Heavy Plow
20:18 Gold Mining
27:26 Stone Shaft Mining
28:07 Wheelbarrow
31:10 Imperial Age
28:59 Vendel Legacy
29:53 Bloodlines
29:43 Husbandry
30:00 Forging
30:37 Scale Barding Armor
31:48 Iron Casting
31:06 Fletching
33:17 Two-Man Saw
32:49 Crop Rotation
32:46 Conscription
33:04 Chain Barding Armor
32:41 Cavalier
34:27 Blast Furnace
34:14 Hand Cart
35:09 Plate Barding Armor
38:17 Elite Jarl
38:22 Light Cavalry
39:23 Hussar
42:30 Scale Mail Armor
42:25 Bodkin Arrow
45:02 Chemistry
minH0W
11:11 Feudal Age
15:22 Castle Age
13:26 Loom
14:55 Stone Mining
16:29 Double-Bit Axe
22:41 Horse Collar
24:06 Fletching
25:39 Heavy Plow
25:53 Bow Saw
26:52 Wheelbarrow
26:03 Town Watch
26:21 Bodkin Arrow
26:45 Gold Mining
28:27 Hand Cart
29:16 Gold Shaft Mining
32:02 Imperial Age
30:13 Pikeman
30:57 Scale Mail Armor
31:44 Ballistics
31:34 Fortified Wall
32:35 Onager
36:22 Chemistry
35:32 Masonry
39:08 Bracer
39:23 Chain Mail Armor
39:19 Forging
40:09 Drill
44:21 Siege Onager
JUANCA FORT
11:32 Feudal Age
12:31 Double-Bit Axe
15:32 Castle Age
13:35 Horse Collar
16:31 Bow Saw
16:22 Heavy Plow
22:57 Wheelbarrow
23:36 Gold Mining
25:45 Gold Shaft Mining
25:00 Stone Mining
27:02 Hand Cart
27:10 Loom
30:04 Imperial Age
30:13 Imperial Age
29:04 Fletching
29:14 Padded Archer Armor
29:47 Masonry
29:33 Murder Holes
30:00 Ballistics
30:46 Heavy Scorpion
31:34 Torsion Engines
33:27 Chemistry
32:14 Capped Ram
33:32 Siege Ram
37:19 Bodkin Arrow
37:40 Leather Archer Armor
37:19 Elite Shotel Warrior
38:20 Conscription
38:03 Scale Mail Armor
38:15 Forging
39:44 Two-Man Saw
40:27 Architecture
40:08 Fortified Wall
1627714649
10:28 Feudal Age
14:18 Castle Age
12:24 Double-Bit Axe
15:10 Wheelbarrow
15:56 Bow Saw
22:21 Stone Mining
22:24 Gold Mining
23:21 Hand Cart
24:51 Gold Shaft Mining
26:08 Loom
31:11 Imperial Age
29:00 Scale Barding Armor
29:06 Forging
30:19 Chain Barding Armor
30:35 Iron Casting
30:06 Husbandry
29:50 Pikeman
30:30 Squires
30:16 Arson
32:16 Chivalry
32:40 Conscription
31:43 Cavalier
33:05 Plate Barding Armor
33:31 Blast Furnace
32:33 Scale Mail Armor
32:23 Fletching
33:05 Paladin
38:06 Light Cavalry
39:25 Chain Mail Armor
39:05 Bodkin Arrow
39:06 Halberdier
40:43 Plate Mail Armor
43:46 Treadmill Crane
Connection lost

Rejoining the realm…

Still unreachable

The connection could not be restored.

Session expired

The server has moved on; the page needs a fresh start.